[Event "Guimaraes Open 2018"]
[Site "Guimaraes"]
[Date "2018.10.06"]
[Round "4"]
[White "Bazan Solera, Manuel"]
[Black "Oliveira, Maria Alice Ramos M"]
[Result "1/2-1/2"]
[ECO "A05"]
[WhiteElo "1932"]
[BlackElo "1572"]
[Annotator "NA RC"]
[PlyCount "42"]
[EventDate "2018.10.04"]
[EventType "swiss"]
[EventCountry "POR"]
[SourceTitle "playchess.com"]
[Source "ChessBase"]
[SourceQuality "1"]
[TimeControl "5400+30"]

1. Nf3 Nf6 2. g3 e6 3. Bg2 d5 4. d4 Be7 5. O-O O-O 6. b3 b6 7. c4 Bb7 8. Nc3 Nbd7 9. Bb2 c5 10. cxd5 Nxd5 11. Nxd5 Bxd5 12. dxc5 Nxc5 13. Rc1 Bf6 14. Bxf6 Qxf6 15. Qd4 Qe7 16. b4 Ne4 17. Ne5 Nf6 18. Bxd5 Nxd5 19. Nc6 Qg5 20. h4 Qh5 21. e4 Nf4 1/2-1/2

[Event "Guimaraes Open 2018"]
[Site "Guimaraes"]
[Date "2018.10.06"]
[Round "4"]
[White "Pipiras, Filipa Fortuna"]
[Black "Palhas, Miguel Branco"]
[Result "1-0"]
[ECO "D10"]
[WhiteElo "1803"]
[BlackElo "1369"]
[Annotator "NA RC"]
[PlyCount "33"]
[EventDate "2018.10.04"]
[EventType "swiss"]
[EventCountry "POR"]
[SourceTitle "playchess.com"]
[Source "ChessBase"]
[SourceQuality "1"]
[TimeControl "5400+30"]

1. d4 d5 2. c4 c6 3. cxd5 cxd5 4. Nc3 Nf6 5. Nf3 e6 6. Bf4 Bb4 7. e3 O-O 8. Bd3 Qa5 9. Qb3 Nbd7 10. O-O Bxc3 11. bxc3 Nb6 12. Bd6 Re8 13. a4 Nc4 14. Bxc4 dxc4 15. Qxc4 Bd7 16. Bb4 Rac8 17. Qxc8 1-0

[Event "Guimaraes Open 2018"]
[Site "Guimaraes"]
[Date "2018.10.06"]
[Round "4"]
[White "Silva, Tiago Alexandre Pin"]
[Black "Pinto, Andre Jorge Pimpare"]
[Result "1/2-1/2"]
[ECO "A11"]
[WhiteElo "1753"]
[BlackElo "1309"]
[Annotator "NA RC"]
[PlyCount "87"]
[EventDate "2018.10.04"]
[EventType "swiss"]
[EventCountry "POR"]
[SourceTitle "playchess.com"]
[Source "ChessBase"]
[SourceQuality "1"]
[TimeControl "5400+30"]

1. c4 c6 2. g3 d5 3. Bg2 dxc4 4. Qc2 Be6 5. a4 Nf6 6. Na3 Nbd7 7. Nf3 Bd5 8. Nxc4 e6 9. O-O Be7 10. d3 Bxf3 11. Bxf3 Nb6 12. Nxb6 Qxb6 13. Be3 Qc7 14. a5 a6 15. Bb6 Qd7 16. Qc3 O-O 17. Ra4 Nd5 18. Bxd5 cxd5 19. Raa1 Bf6 20. Bd4 Rfc8 21. Qb4 Bxd4 22. Qxd4 Rc2 23. Rfc1 Rac8 24. Rxc2 Rxc2 25. Qf4 Qc7 26. Qxc7 Rxc7 27. Ra3 Kf8 28. Kg2 Rc2 29. Rb3 Rc7 30. Kf3 Ke7 31. Rb6 Kf6 32. Ke3 Ke5 33. f4+ Kf5 34. h3 h5 35. Kf3 g6 36. e3 Kf6 37. g4 hxg4+ 38. hxg4 Ke7 39. f5 gxf5 40. gxf5 Kf6 41. fxe6 fxe6 42. Kf4 Rc5 43. Rxb7 Rxa5 44. Kf3 1/2-1/2

[Event "Guimaraes Open 2018"]
[Site "Guimaraes"]
[Date "2018.10.06"]
[Round "4"]
[White "Gama, Joao Goncalo Cereje"]
[Black "Silva, Goncalo Nuno Neto P"]
[Result "0-1"]
[ECO "B06"]
[WhiteElo "1598"]
[BlackElo "1996"]
[Annotator "NA RC"]
[PlyCount "112"]
[EventDate "2018.10.04"]
[EventType "swiss"]
[EventCountry "POR"]
[SourceTitle "playchess.com"]
[Source "ChessBase"]
[SourceQuality "1"]
[TimeControl "5400+30"]

1. e4 g6 2. d4 Bg7 3. c3 d6 4. g3 Nd7 5. Bg2 Ngf6 6. Ne2 c5 7. O-O O-O 8. h3 Rb8 9. a4 b6 10. Be3 Ba6 11. Na3 b5 12. axb5 Bxb5 13. Nxb5 Rxb5 14. Qc2 Qc7 15. Ra2 Rfb8 16. Rfa1 a6 17. Nf4 cxd4 18. Bd2 Ne5 19. Nd3 Nfd7 20. f4 Nxd3 21. Qxd3 Nc5 22. Qc4 Rxb2 23. cxd4 Ne6 24. Qxc7 Bxd4+ 25. Kh2 Nxc7 26. Rxb2 Rxb2 27. Ba5 Rxg2+ 28. Kxg2 Bxa1 29. Bxc7 Bc3 30. Kf3 Kf8 31. Ke3 Ke8 32. Kd3 Be1 33. g4 Kd7 34. Bb6 Kc6 35. Bd8 e6 36. Kc4 Bf2 37. Ba5 d5+ 38. exd5+ exd5+ 39. Kd3 Kb5 40. Bc3 a5 41. Bb2 Kb4 42. Bc3+ Kb5 43. Bb2 a4 44. f5 Kb4 45. Bc3+ Kb3 46. Ba1 a3 47. Bc3 a2 48. Ba1 Bc5 49. fxg6 fxg6 50. h4 Ba3 51. Kd4 Bb2+ 52. Bxb2 Kxb2 53. Kxd5 a1=Q 54. h5 gxh5 55. gxh5 Qd1+ 56. Ke6 Qxh5 0-1

[Event "Guimaraes Open 2018"]
[Site "Guimaraes"]
[Date "2018.10.06"]
[Round "4"]
[White "Melo, David Emmanuel do V"]
[Black "Machado, Tomas Dias"]
[Result "1/2-1/2"]
[ECO "B32"]
[WhiteElo "1590"]
[BlackElo "1966"]
[Annotator "NA RC"]
[PlyCount "108"]
[EventDate "2018.10.04"]
[EventType "swiss"]
[EventCountry "POR"]
[SourceTitle "playchess.com"]
[Source "ChessBase"]
[SourceQuality "1"]
[TimeControl "5400+30"]

1. e4 c5 2. Nf3 Nc6 3. d4 cxd4 4. Nxd4 e5 5. Nb5 d6 6. N1c3 a6 7. Na3 b5 8. Nd5 Nf6 9. Bg5 Be7 10. Bxf6 Bxf6 11. Be2 O-O 12. O-O Bg5 13. c3 Ne7 14. Nc2 Be6 15. Nce3 Bxe3 16. Nxe3 f5 17. exf5 Nxf5 18. Nxf5 Bxf5 19. Qd5+ Kh8 20. Rad1 Rf6 21. Bf3 Rb8 22. a3 Qe8 23. Rfe1 Be6 24. Qc6 Bb3 25. Rxd6 Qf8 26. Rxf6 Qxf6 27. Qc7 Re8 28. Bc6 Qe7 29. Qxe7 Rxe7 30. f4 Re6 31. Bb7 Rb6 32. Bf3 Rd6 33. Rxe5 Kg8 34. Kf2 Bc4 35. Ke1 Kf7 36. Bd1 Rc6 37. a4 Kf6 38. axb5 axb5 39. Be2 Bxe2 40. Kxe2 b4 41. cxb4 Rc2+ 42. Kf1 Rxb2 43. Rb5 h6 44. h4 g6 45. Kg1 h5 46. Kh2 Rb3 47. g3 Rb2+ 48. Kh3 Rb3 49. Rb8 Kf5 50. Rb5+ Ke4 51. Re5+ Kf3 52. f5 Rb1 53. Kh2 Rb2+ 54. Kh3 Rb1 1/2-1/2

[Event "Guimaraes Open 2018"]
[Site "Guimaraes"]
[Date "2018.10.06"]
[Round "4"]
[White "Monteiro, Tomas Alexandre"]
[Black "Cimpean, Andra"]
[Result "0-1"]
[ECO "B05"]
[WhiteElo "1491"]
[BlackElo "1867"]
[Annotator "NA RC"]
[PlyCount "114"]
[EventDate "2018.10.04"]
[EventType "swiss"]
[EventCountry "POR"]
[SourceTitle "playchess.com"]
[Source "ChessBase"]
[SourceQuality "1"]
[TimeControl "5400+30"]

1. e4 Nf6 2. e5 Nd5 3. d4 d6 4. Nf3 Bg4 5. Be2 e6 6. O-O Nd7 7. exd6 Bxd6 8. c4 Nf4 9. Bxf4 Bxf4 10. Nc3 O-O 11. Re1 Nf6 12. d5 exd5 13. Nxd5 Nxd5 14. Qxd5 Qxd5 15. cxd5 Rad8 16. Rad1 Rfe8 17. Kf1 Bd6 18. Rd4 Bh5 19. Red1 Re7 20. Rh4 Bg6 21. Bb5 a6 22. Ba4 h6 23. Re1 Rxe1+ 24. Kxe1 Be7 25. Rd4 Bf6 26. Rd2 Be4 27. Bb3 Bxf3 28. gxf3 Be5 29. h3 Rd6 30. Ke2 Rf6 31. Kd3 Rf4 32. Re2 Bd6 33. Re8+ Kh7 34. Ke3 Rh4 35. Bc2+ g6 36. Bd3 Rxh3 37. Rb8 b6 38. Bxa6 Bc5+ 39. Ke2 Rh2 40. Rc8 Bxf2 41. Kd3 Bg3 42. b3 Rxa2 43. Bc4 Bd6 44. Re8 h5 45. Re4 Rf2 46. Ke3 Bc5+ 47. Kf4 Kh6 48. Re5 Bd6 49. Ke3 Rxf3+ 50. Kxf3 Bxe5 51. Bd3 f5 52. b4 Kg5 53. Bf1 Kf6 54. Kg2 g5 55. Be2 g4 56. b5 Kg5 57. Kf2 h4 0-1

[Event "Guimaraes Open 2018"]
[Site "Guimaraes"]
[Date "2018.10.06"]
[Round "5"]
[White "Fernandes, Ricardo Paulos"]
[Black "Silva, Daniel Frederico Va"]
[Result "1-0"]
[ECO "A06"]
[WhiteElo "2098"]
[BlackElo "1709"]
[Annotator "NA RC"]
[PlyCount "64"]
[EventDate "2018.10.04"]
[EventType "swiss"]
[EventCountry "POR"]
[SourceTitle "playchess.com"]
[Source "ChessBase"]
[SourceQuality "1"]
[TimeControl "5400+30"]

1. Nf3 d5 2. g3 Nf6 3. Bg2 e6 4. d3 Be7 5. Nbd2 O-O 6. O-O c5 7. e3 {[%emt 0:03:57] A07: Réti Opening: New York and Capablanca Systems} (7. e4 Nc6 8. Re1 Qc7 9. e5 Nd7 10. Qe2 b5 11. Nf1 Bb7 12. Bf4 Rfc8 13. Ne3 Qd8 14. h4 h6 15. c3 b4 16. c4 Nb6 17. Rad1 Rc7 18. Ng4 Qf8 19. Qe3 Nd4 20. Nxd4 cxd4 {0-1 (44) Svidler,P (2760)-Kramnik,V (2800) Moscow 2018}) 7... Nc6 8. b3 b5 9. Bb2 Bb7 10. Re1 Qc7 11. a3 Rac8 $146 ({Predecessor:} 11... a6 12. Nf1 Rfd8 13. h3 e5 14. Ra2 Bd6 15. e4 d4 16. N1h2 c4 17. dxc4 bxc4 18. bxc4 {0-1 (26) Ducharme,S (905)-Schalkwijk,P (1382) LSS email 2011}) 12. c4 a6 13. Rc1 Nd7 14. e4 d4 15. cxb5 axb5 16. Rf1 Qb8 17. Ne1 Nb6 18. f4 f5 19. Qe2 Bd6 20. Qh5 Na5 21. Nef3 Rf6 $2 {[%emt 0:06:56] [#]} (21... Be7 $14) 22. Ng5 $1 h6 23. e5 Bxe5 $2 (23... Rff8 24. Nxe6 (24. exd6 Bxg2 25. Kxg2 hxg5 $16) 24... Bxg2) 24. fxe5 Qxe5 25. Rce1 Qd6 26. Bxb7 Nxb7 27. Nde4 fxe4 28. Rxf6 hxg5 29. Qf7+ Kh8 30. Rxe6 Qd5 31. Re8+ (31. Qg6 $142) 31... Rxe8 $18 32. Qxe8+ Kh7 1-0

[Event "Guimaraes Open 2018"]
[Site "Guimaraes"]
[Date "2018.10.06"]
[Round "5"]
[White "Sousa, Hugo Carneiro"]
[Black "Saran Vikash Velumani"]
[Result "1-0"]
[ECO "C24"]
[WhiteElo "2014"]
[BlackElo "1464"]
[Annotator "NA RC"]
[PlyCount "69"]
[EventDate "2018.10.04"]
[EventType "swiss"]
[EventCountry "POR"]
[SourceTitle "playchess.com"]
[Source "ChessBase"]
[SourceQuality "1"]
[TimeControl "5400+30"]

1. e4 e5 2. Bc4 Nf6 3. d3 d5 4. exd5 Nxd5 5. Nf3 Nc6 6. h3 Be7 {[%emt 0:02:20] C24: Bishop's Opening: 2...Nf6} (6... Bc5 7. O-O O-O 8. c3 a6 9. Re1 Be6 10. Ng5 h6 11. Nxe6 fxe6 12. Rf1 Qh4 13. Qe1 b5 14. Bb3 Rf6 15. Nd2 Rg6 {1-0 (34) Eggleston,D (2384)-Payen,A (2360) Budapest 2016}) 7. O-O Be6 8. Re1 Qd6 9. Nbd2 O-O-O $146 ({Predecessor:} 9... h6 10. Bb5 f6 11. d4 exd4 12. Nxd4 Bd7 13. Bxc6 bxc6 14. Qh5+ Kf8 {½-½ (33) Bjerke,S (2205)-Ramirez M,E (2031) Khanty-Mansiysk 2010}) 10. Bb3 f6 11. Nc4 Qd7 12. d4 Bxh3 13. gxh3 Qxh3 14. c3 Kb8 15. Nh2 exd4 16. cxd4 g5 (16... Bb4 $5 17. Re4 Rhe8 $11) 17. Ne3 $2 (17. Qf3 $11 Qxf3 18. Nxf3) 17... Bd6 18. Nef1 Nf4 19. Qg4 h5 20. Qxh3 Nxh3+ 21. Kg2 Nf4+ 22. Bxf4 $1 Bxf4 23. Nf3 g4 24. Nh4 Bg5 25. Nf5 Nxd4 26. Nxd4 Rxd4 27. Rad1 Rf4 28. Rd3 h4 29. Rde3 h3+ 30. Kg3 c6 31. Re8+ Rxe8 32. Rxe8+ Kc7 33. Nh2 f5 $18 (33... Rd4 $1 $14) 34. Rg8 Bf6 35. Kxf4 1-0

[Event "Guimaraes Open 2018"]
[Site "Guimaraes"]
[Date "2018.10.06"]
[Round "5"]
[White "Machado, Tomas Dias"]
[Black "Barroso, Simao Oliveira Alvi"]
[Result "1-0"]
[ECO "B17"]
[WhiteElo "1966"]
[BlackElo "1560"]
[Annotator "NA RC"]
[PlyCount "97"]
[EventDate "2018.10.04"]
[EventType "swiss"]
[EventCountry "POR"]
[SourceTitle "playchess.com"]
[Source "ChessBase"]
[SourceQuality "1"]
[TimeControl "5400+30"]

1. e4 c6 2. d4 d5 3. Nc3 dxe4 4. Nxe4 Nd7 5. Ng5 Ngf6 6. Bd3 h6 7. Ne6 {[%emt 0:00:28] B17: Caro-Kann: Modern Line (4...Nd7)} Qb6 8. Nxf8 (8. Ne2 fxe6 9. Bg6+ Kd8 10. Nf4 Nb8 11. O-O Bd7 12. c4 Kc8 13. Qe2 Na6 14. Bf7 g5 {½-½ (32) Rozentalis,E (2593)-Velten,P (2469) Drancy 2016}) 8... Nxf8 9. c3 Bg4 10. Qb3 Bh5 11. Ne2 Bg6 12. Nf4 Bxd3 13. Nxd3 N8d7 14. Bf4 $146 ({Predecessor:} 14. O-O O-O {½-½ (30) Cruz,J (2159)-Padeiro,J (2284) Maia 2018}) 14... O-O 15. O-O e6 16. Rfe1 Nd5 17. Bg3 Rac8 18. c4 N5f6 19. Bd6 Rfd8 20. c5 ({Günstiger ist} 20. Qc3 $14) 20... Qxb3 21. axb3 a6 22. Nb4 Nd5 23. Nxd5 cxd5 24. Ra4 Rc6 25. Rea1 Rdc8 26. b4 Nf6 27. f3 Ne8 28. Bg3 Nc7 29. Bxc7 R8xc7 30. Ra5 f6 31. b5 axb5 32. Rxb5 e5 33. Ra7 exd4 34. b4 d3 35. Kf2 Re6 36. Ra1 Re2+ 37. Kg3 Rce7 38. Rd1 d2 39. Ra5 R7e3 40. Ra2 ({But not} 40. Ra7 Rd3 $17) (40. b5 $1 $11) 40... Rd3 $17 41. Rc2 Kf7 42. b5 Ke7 43. c6 bxc6 44. bxc6 Kd8 45. c7+ Kc8 46. Rb1 d1=Q 47. Rb8+ Kd7 48. c8=Q+ Kd6 49. Qd8+ 1-0

[Event "Guimaraes Open 2018"]
[Site "Guimaraes"]
[Date "2018.10.06"]
[Round "5"]
[White "Marques, Ricardo Taborda Tri"]
[Black "Melo, David Emmanuel do V"]
[Result "1-0"]
[ECO "A61"]
[WhiteElo "1881"]
[BlackElo "1590"]
[Annotator "NA RC"]
[PlyCount "90"]
[EventDate "2018.10.04"]
[EventType "swiss"]
[EventCountry "POR"]
[SourceTitle "playchess.com"]
[Source "ChessBase"]
[SourceQuality "1"]
[TimeControl "5400+30"]

1. d4 Nf6 2. c4 e6 3. Nf3 c5 4. d5 exd5 5. cxd5 d6 6. Nc3 g6 7. e4 Bg7 8. h3 O-O 9. Bd3 a6 10. a4 Nfd7 11. O-O {[%emt 0:04:53] A70: Modern Benoni: 6 e4 g6 7 Nf3} (11. Bg5 Bf6 12. Be3 Ne5 13. Nxe5 Bxe5 14. Qd2 f5 15. exf5 Bxf5 16. O-O Nd7 17. Bxf5 gxf5 18. Ne2 Nf6 {1-0 (58) Rogozenco,D (2517)-Negulescu,A (2435) Tusnad 2004}) 11... Ne5 12. Nxe5 Bxe5 13. f4 Bd4+ 14. Kh1 f5 15. Ne2 $146 ({Predecessor:} 15. exf5 Bxf5 16. Bxf5 Rxf5 17. g4 Rf8 18. Ne4 Qh4 {0-1 (33) Miles,R (1983)-Kett,T (2193) Fishguard 2017}) 15... Bg7 16. Ng3 Qh4 17. Qf3 a5 18. exf5 gxf5 19. Rb1 Bd7 20. Bd2 Qd8 $2 ({Black should try} 20... Nc6 $14) 21. Qh5 Qf6 22. Bc3 Qg6 23. Bxg7 Kxg7 24. Qh4 Na6 25. Bxa6 bxa6 26. Rf3 Bxa4 $2 (26... Kh8 $14) 27. Nh5+ Kh8 28. Rg3 Qh6 29. Rg5 Bc2 30. Rc1 Be4 31. Qe1 Rf6 32. Qc3 Raf8 33. Re1 R8f7 34. Rxe4 fxe4 35. Rf5 Qg6 36. Rxf6 Rxf6 37. Nxf6 e3 38. Ng4+ Kg8 39. Nxe3 Qg3 40. Nf5 Qxc3 41. bxc3 $18 a4 42. Ne3 a3 43. Nc2 a2 44. g4 Kf7 45. Kg2 Ke7 1-0

[Event "Guimaraes Open 2018"]
[Site "Guimaraes"]
[Date "2018.10.06"]
[Round "5"]
[White "Silva, Pedro Gil Ferreira "]
[Black "Lomba, Lucas Laranjeira de"]
[Result "1-0"]
[ECO "C44"]
[WhiteElo "1837"]
[BlackElo "1398"]
[Annotator "NA RC"]
[PlyCount "47"]
[EventDate "2018.10.04"]
[EventType "swiss"]
[EventCountry "POR"]
[SourceTitle "playchess.com"]
[Source "ChessBase"]
[SourceQuality "1"]
[TimeControl "5400+30"]

1. e4 e5 2. Nf3 Nc6 3. d4 exd4 4. Nxd4 Nf6 5. Nxc6 bxc6 6. Qe2 Be7 7. e5 Nd5 8. Qg4 g6 9. Bh6 d6 10. Qc4 Bb7 11. exd6 Qxd6 12. Nd2 O-O-O 13. O-O-O Rhe8 14. Qg4+ Kb8 15. h4 Bc8 16. Qf3 Bf8 17. Bxf8 Rxf8 18. Nc4 Qe6 $16 (18... Qc5 $1 $11 {keeps the balance.}) 19. Na5 Nb4 20. Bc4 Rxd1+ 21. Rxd1 Qf5 22. Qxf5 Bxf5 23. c3 Bc2 24. Rd2 1-0

[Event "Guimaraes Open 2018"]
[Site "Guimaraes"]
[Date "2018.10.06"]
[Round "5"]
[White "Guimaraes, Alvaro Jose Esperan"]
[Black "Fonseca, Pedro Miguel Ramos "]
[Result "0-1"]
[ECO "A00"]
[WhiteElo "1801"]
[BlackElo "1437"]
[Annotator "NA RC"]
[PlyCount "68"]
[EventDate "2018.10.04"]
[EventType "swiss"]
[EventCountry "POR"]
[SourceTitle "playchess.com"]
[Source "ChessBase"]
[SourceQuality "1"]
[TimeControl "5400+30"]

1. g3 d5 2. Bg2 Nf6 3. d3 c6 4. Nf3 Bf5 5. O-O e6 6. Nc3 Nbd7 7. Nh4 Bg6 8. Bg5 Qc7 9. e4 Bb4 10. Nxg6 hxg6 11. Nb1 Qe5 12. Bc1 O-O-O 13. c3 Ba5 14. d4 Qc7 15. f3 Rh7 16. e5 Ng8 17. a4 Qb8 18. Qe2 c5 19. Be3 Ne7 20. Na3 a6 21. Nc2 c4 22. g4 f6 23. f4 g5 24. Rae1 $15 ({White should play} 24. Bd2 $11) 24... gxf4 25. Bxf4 Ng6 26. Bg3 Bc7 27. Rf3 fxe5 28. dxe5 Ngxe5 29. Re3 Nd3 30. Rf1 Bxg3 31. Rxg3 Rdh8 32. Nb4 Rxh2 33. Rxd3 cxd3 34. Nxd3 Qg3 0-1

[Event "Guimaraes Open 2018"]
[Site "Guimaraes"]
[Date "2018.10.06"]
[Round "5"]
[White "Monteiro, Paulo Alexandre Gom"]
[Black "Bazan Solera, Manuel"]
[Result "1/2-1/2"]
[ECO "A48"]
[WhiteElo "1602"]
[BlackElo "1932"]
[Annotator "NA RC"]
[PlyCount "101"]
[EventDate "2018.10.04"]
[EventType "swiss"]
[EventCountry "POR"]
[SourceTitle "playchess.com"]
[Source "ChessBase"]
[SourceQuality "1"]
[TimeControl "5400+30"]

1. d4 Nf6 2. Nf3 g6 3. c4 Bg7 4. Nc3 O-O 5. Bg5 d6 6. e3 Na6 {[%emt 0:00:43] E61: King's Indian: Early deviations for White, including Smyslov System} (6... c5 7. d5 h6 8. Bh4 g5 9. Bg3 Nh5 10. Bd3 f5 11. Nd2 Nxg3 12. hxg3 Nd7 13. f4 Nf6 14. Qe2 gxf4 15. gxf4 Ng4 16. e4 fxe4 17. Qxe4 {0-1 (34) Indjic,A (2581)-Amin,B (2680) Abu Dhabi 2017}) 7. Be2 c6 8. O-O Nc7 9. Qd2 Rb8 $146 ({Predecessor:} 9... Bf5 10. h3 Ne4 11. Nxe4 Bxe4 12. Rfd1 f6 13. Bf4 Qd7 14. Qb4 g5 15. Bh2 {0-1 (50) Corbalan Liarte,J-Bellagamba,P (1652) Madrid 2016}) 10. Rac1 b5 11. cxb5 cxb5 12. b4 a6 13. a3 Be6 14. Rc2 Bb3 15. Rb2 Bc4 16. Bxf6 Bxf6 17. Ne4 Bg7 18. Rc1 f5 19. Ng3 d5 20. Ne1 e5 21. Nc2 e4 22. Na1 Bh6 23. Nb3 f4 24. Nf1 Qh4 25. Nc5 Rf7 26. Bxc4 bxc4 27. a4 Qe7 28. Rcb1 (28. exf4 $17 {is a better defense.} Bxf4 29. Ne3) 28... fxe3 29. fxe3 Qf8 30. Qe1 $2 (30. Ng3 $17) 30... Rb6 31. Ng3 Qb8 32. Kh1 (32. Nh1 $11) 32... Bf8 33. Qc3 {[%emt 0:02:44] [#]} ({Better is} 33. Ne2 $15) 33... Bd6 ({Black should try} 33... Rbf6 $1 $17 34. Rg1 Qe8) 34. Rf1 Qf8 35. Rxf7 Qxf7 36. Qe1 Bxg3 37. hxg3 g5 38. g4 $2 (38. Kg1 $11) 38... Rf6 39. Rb1 h5 40. Qg3 h4 41. Qe5 Qg7 $2 {[%emt 0:03:17] [#]} (41... Rg6 $11 {and Black is okay.}) 42. Nd7 $1 Rf7 43. Qxc7 Rxd7 44. Qc8+ Kh7 {[%emt 0:00:20] [#]} 45. b5 $1 axb5 46. axb5 ({Keinesfalls} 46. Rxb5 $6 h3 $16) 46... h3 47. gxh3 $2 ({Only move:} 47. b6 $18 Rb7 48. gxh3) 47... Qf7 $2 (47... Rf7 $1 $11) 48. b6 $2 (48. Kg1 $18) 48... Qf3+ 49. Kh2 Qf2+ 50. Kh1 Qf3+ 51. Kh2 $11 1/2-1/2

[Event "Guimaraes Open 2018"]
[Site "Guimaraes"]
[Date "2018.10.06"]
[Round "5"]
[White "Oliveira, Maria Alice Ramos M"]
[Black "Fidalgo, Daniel Neves"]
[Result "0-1"]
[ECO "C00"]
[WhiteElo "1545"]
[BlackElo "2018"]
[Annotator "NA RC"]
[PlyCount "64"]
[EventDate "2018.10.04"]
[EventType "swiss"]
[EventCountry "POR"]
[SourceTitle "playchess.com"]
[Source "ChessBase"]
[SourceQuality "1"]
[TimeControl "5400+30"]

1. e4 e6 2. Qe2 Be7 3. Nf3 {[%emt 0:02:37] C00: French: Unusual White 2nd moves} (3. g3 d5 4. d3 dxe4 5. dxe4 e5 6. Nf3 Nc6 7. Bg2 Nf6 8. c3 O-O 9. b4 Be6 10. O-O Nd7 11. Rd1 Qb8 12. Na3 {½-½ (46) Kindermann,S (2502)-Meier,G (2655) Germany 2018}) 3... d5 4. e5 Nh6 5. d4 Nf5 6. g3 c5 $146 ({Predecessor:} 6... O-O 7. Bg2 c5 8. c3 Nc6 9. g4 Nh4 10. Nxh4 Bxh4 11. Be3 cxd4 12. cxd4 {0-1 (26) Arnetta,M-Culle,S Santa Flavia 1997}) 7. dxc5 Bxc5 8. Bg2 O-O 9. O-O Nc6 10. c3 a6 11. Bf4 Bd7 12. c4 Ncd4 13. Nxd4 Nxd4 14. Qd3 dxc4 15. Qxc4 Rc8 16. Nc3 Nc2 17. Qe2 Nxa1 18. Rxa1 (18. Bxb7 $142 Rb8 19. Bxa6) 18... Bc6 19. Rd1 Qc7 20. Ne4 Bxe4 21. Bxe4 Rfd8 22. Rc1 Qb6 23. Rc2 Be7 24. Rxc8 Rxc8 25. Be3 Bc5 26. Qc2 g6 27. Bxb7 Qxb7 28. Bxc5 Qd5 29. b4 Qxe5 30. Qd2 Qd5 31. Qe2 Rd8 32. Qxa6 $19 (32. h3 Qd1+ 33. Qf1) 32... Qf3 0-1

[Event "Guimaraes Open 2018"]
[Site "Guimaraes"]
[Date "2018.10.06"]
[Round "5"]
[White "Ribeiro, Orlando Camilo Duar"]
[Black "Gawle, Ireneusz"]
[Result "1/2-1/2"]
[ECO "C50"]
[WhiteElo "1461"]
[BlackElo "1800"]
[Annotator "NA RC"]
[PlyCount "118"]
[EventDate "2018.10.04"]
[EventType "swiss"]
[EventCountry "POR"]
[SourceTitle "playchess.com"]
[Source "ChessBase"]
[SourceQuality "1"]
[TimeControl "5400+30"]

1. e4 e5 2. Nf3 Nc6 3. Bc4 Nf6 4. d3 Bc5 5. c3 d6 6. Bb3 h6 7. Nbd2 {[%emt 0:03:12] C54: Giuoco Piano: 4 c3 Nf6, main lines with 5 d4 and 5 d3} O-O 8. Nf1 (8. h3 a5 9. O-O Be6 10. Bc2 b5 11. Re1 Qb8 12. Nb3 Bb6 13. a4 Qa7 14. Be3 Bxe3 15. Rxe3 bxa4 {½-½ (42) Ter Sahakyan,S (2563)-Petrosyan,M (2570) Yerevan 2018}) 8... d5 9. Qe2 dxe4 10. dxe4 Ng4 11. Ne3 Nxe3 12. Bxe3 Qe7 13. h3 a5 $146 ({Predecessor:} 13... Bxe3 14. Qxe3 {1-0 (51) Nevanlinna,R (2292)-Ronnqvist,T Finland 2009}) 14. a4 Kh8 15. Bxc5 Qxc5 16. Qb5 Qe7 17. O-O Ra6 18. Bd5 Nd8 19. Bc4 c5 20. Rad1 Rg6 21. Kh1 f5 22. Rd5 ({Much worse is} 22. Qxa5 $6 b6 $11) 22... fxe4 23. Nxe5 Rg5 24. Qxc5 Qxc5 25. Rxc5 Nc6 26. Rxc6 Rxe5 27. Rd6 e3 28. fxe3 Rfe8 29. Rf3 Bf5 30. Bd3 Be4 31. Bxe4 Rxe4 32. Rd4 Rxe3 33. Rxe3 Rxe3 34. Rd5 b6 35. Rb5 Re6 36. b4 Rc6 37. bxa5 bxa5 38. Rxa5 Rxc3 39. Ra8+ Kh7 40. a5 Ra3 $2 (40... Kg6 $14) 41. a6 h5 42. a7 h4 43. Kg1 Ra2 44. Kf1 Kg6 45. Ke1 Kf7 {[%emt 0:03:09] [#]} 46. Kd1 $1 Kg6 {[%emt 0:00:24] [#]} (46... Ra4 $142 47. Kc2 Ra3) 47. Rh8 $2 ({Only move:} 47. Kc1 $1 $18) 47... Rxa7 48. Rxh4 Re7 49. Kd2 Kg5 50. Rg4+ Kf5 51. Rd4 g5 52. Ra4 Re5 53. Ra8 Kf4 $11 54. Ra4+ Kg3 55. Rg4+ Kf2 56. Kd3 Re3+ 57. Kd4 Rg3 58. Ke4 Rxg2 59. Kf5 Rh2 1/2-1/2

[Event "Guimaraes Open 2018"]
[Site "Guimaraes"]
[Date "2018.10.06"]
[Round "5"]
[White "Pinto, Andre Jorge Pimpare"]
[Black "Cordeiro, Joao Carlos Santos "]
[Result "1/2-1/2"]
[ECO "C50"]
[WhiteElo "1309"]
[BlackElo "1792"]
[Annotator "NA RC"]
[PlyCount "134"]
[EventDate "2018.10.04"]
[EventType "swiss"]
[EventCountry "POR"]
[SourceTitle "playchess.com"]
[Source "ChessBase"]
[SourceQuality "1"]
[TimeControl "5400+30"]

1. e4 e5 2. Nf3 Nc6 3. Bc4 Bc5 4. d3 Nf6 5. Nc3 d6 6. h3 a6 7. O-O h6 8. Qe1 Be6 9. Bb3 Qd7 10. Bxe6 fxe6 11. Be3 Bxe3 12. Qxe3 O-O-O 13. Ne2 g5 14. Nh2 Rdg8 15. Ng4 Nxg4 16. hxg4 Kb8 17. Ng3 Qf7 18. f3 Nd4 19. Qf2 Nc6 20. c3 Ne7 21. d4 Ng6 22. dxe5 Nxe5 23. Qd2 Ng6 24. Nh5 Nf4 25. Nxf4 gxf4 26. Kf2 e5 27. Rh1 h5 28. gxh5 Rxh5 29. Rxh5 Qxh5 30. Rg1 Qh4+ 31. Kf1 Rd8 32. Qf2 Qf6 33. c4 c6 34. Qb6 Qe7 35. Rh1 Qc7 36. Qxc7+ Kxc7 37. Ke2 Rg8 38. Kf2 b5 39. cxb5 axb5 40. a3 Kb6 41. Rd1 Rg6 42. Rd2 Kc7 43. b4 Kb6 44. Ke1 Kc7 45. Kd1 Kd7 46. Kc2 Rg8 47. Kb3 Ke6 48. Rc2 Rc8 49. a4 bxa4+ 50. Kxa4 Kd7 51. Kb3 Kc7 52. b5 Kb7 53. Rxc6 Rxc6 54. bxc6+ Kxc6 55. Kc4 Kc7 56. Kb4 Kb6 57. Kc4 Kc6 58. Kd3 Kb5 59. Ke2 Kc4 60. Kf2 Kd4 61. g4 fxg3+ 62. Kxg3 Ke3 63. Kg4 Kd4 64. Kf5 d5 65. exd5 Kxd5 66. Kf6 e4 67. fxe4+ Kxe4 1/2-1/2

[Event "Guimaraes Open 2018"]
[Site "Guimaraes"]
[Date "2018.10.07"]
[Round "6"]
[White "Martin Duque, Jesus"]
[Black "Fernandes, Ricardo Paulos"]
[Result "1-0"]
[ECO "B07"]
[WhiteElo "2354"]
[BlackElo "2098"]
[Annotator "ChessBase"]
[PlyCount "55"]
[EventDate "2018.10.04"]
[EventType "swiss"]
[EventCountry "POR"]
[SourceTitle "playchess.com"]
[Source "ChessBase"]
[SourceQuality "1"]
[TimeControl "5400+30"]

1. e4 d6 2. d4 Nf6 3. Nc3 g6 4. Be3 Bg7 5. Nf3 Nbd7 6. Qd2 Ng4 7. Bg5 O-O 8. h3 Ngf6 9. O-O-O c5 10. Bh6 cxd4 11. Nxd4 Nc5 12. f3 a6 13. h4 e5 14. Bxg7 Kxg7 15. Nb3 Nxb3+ 16. axb3 Ne8 17. h5 g5 18. h6+ Kh8 19. g3 b5 20. f4 f6 21. Be2 Be6 22. Bh5 Rc8 23. Kb1 Rc6 24. Rhf1 gxf4 25. gxf4 Qc8 26. fxe5 dxe5 27. Qd8 Nc7 28. Qe7 1-0